 Dungeon Crawl Stone Soup version 0.27-a0-869-g165b36e3f0 (webtiles) character file.

Game seed: 11976530325733539019

608 sizableburger the Ruffian (level 7, -10/92 HPs)
             Began as an Ogre Transmuter on Apr 2, 2021.
             Was an Initiate of Makhleb.
             Killed by divine providence
             ... invoked by an orc priest
              (11 damage)
             ... on level 5 of the Dungeon.
             The game lasted 00:13:44 (7092 turns).

sizableburger the Ruffian (Ogre Transmuter)         Turns: 7092, Time: 00:13:45

Health: -10/92     AC:  6    Str: 15    XL:     7   Next: 43%
Magic:  6/10       EV:  8    Int: 16    God:    Makhleb [......]
Gold:   165        SH:  0    Dex: 15    Spells: 2/10 levels left

rFire    . . .     SeeInvis .     - Unarmed
rCold    . . .     Faith    +   (shield currently unavailable)
rNeg     + . .     Spirit   .   (armour currently unavailable)
rPois    +         Reflect  .   (helmet currently unavailable)
rElec    .         Harm     .   (cloak currently unavailable)
rCorr    .         Rampage  .   (gloves unavailable)
Will     .....                  (boots unavailable)
Stlth    +.........             d - amulet of faith
HPRegen  0.25/turn              e - +6 ring of dexterity
MPRegen  0.12/turn              f - ring of positive energy

@: hydra-form
A: fast swimmer, devour, amphibious, boosted hp, very large, unfitting armour,
(tough skin 1)
a: End Transformation, Renounce Religion


You were on level 5 of the Dungeon.
You worshipped Makhleb.
Makhleb was noncommittal.
You were a two-headed hydra.
You visited 2 branches of the dungeon, and saw 6 of its levels.

You collected 165 gold pieces.

Inventory:

Armour
 a - a +0 robe (melded)
Jewellery
 d - an amulet of faith (around neck)
 e - a +6 ring of dexterity (left foreclaw)
 f - a ring of positive energy (right foreclaw)
Scrolls
 h - 2 scrolls of identify
Potions
 c - a potion of curing
 i - a potion of cancellation


   Skills:
 + Level 4.7 Fighting
 - Level 1.7 Dodging
 + Level 5.2 Unarmed Combat
 - Level 2.4 Spellcasting
 + Level 4.7 Transmutations


You had 2 spell levels left.
You knew the following spells:

 Your Spells              Type           Power      Damage    Failure   Level
a - Beastly Appendage     Tmut           34%        N/A       2%          1
b - Wereblood             Tmut           17%        N/A       4%          2
c - Hydra Form            Tmut           8%         N/A       61%         5

Your spell library contained the following spells:

 Spells                   Type           Power      Damage    Failure   Level
 Poisonous Vapours        Pois/Air       2%         N/A       30%         2
 Spider Form              Tmut/Pois      4%         N/A       22%         3
 Conjure Flame            Conj/Fire      1%         6-21      52%         3
 Mephitic Cloud           Conj/Pois/Air  1%         N/A       52%         3
 Ice Form                 Ice/Tmut       9%         N/A       58%         4
 Freezing Cloud           Conj/Ice/Air   0%         6-21      100%        6


Dungeon Overview and Level Annotations

Branches:
Dungeon (5/15)             Temple (1/1) D:5

Altars:
Ashenzari
Dithmenos
Hepliaklqana
Kikubaaqudgha
Makhleb
Nemelex Xobeh
Okawaru
Sif Muna
Trog
Uskayaw
Vehumet
Wu Jian
Xom
Yredelemnul
The Shining One

Shops:
D:2 =

Annotations:
D:2 Sigmund


Innate Abilities, Weirdness & Mutations

You are a two-headed hydra.
You swim very quickly.
You can devour living enemies to heal.
You are amphibious.
Your maximum health is greatly increased.
Your armour is entirely melded.
You are incapable of wielding weapons or throwing items.
You are too large for most types of armour.
((You have tough skin. (AC +1)))


Message History

The orc priest invokes the aid of Beogh against you.
Pain shoots through your body!
You bite the orc!
You devour the orc!
You feel better.
You kill the orc!
Makhleb accepts your kill.
You nip at the orc warrior but do no damage.
The orc warrior hits you with a +0 mace!
Unknown command.
You bite the orc warrior!
The orc warrior is severely wounded.
The orc priest calls down the wrath of Beogh upon you.
Pain shoots through your body!
The orc warrior hits you with a +0 mace!
You nip at the orc warrior.
The orc warrior is severely wounded.
Your magical contamination has completely faded away.
Unknown command.
You nip at the orc warrior but do no damage.
The orc warrior is severely wounded.
The orc warrior hits you with a +0 mace!
You nip at the orc warrior.
The orc warrior is almost dead.
The orc warrior closely misses you.
You nip at the orc warrior but do no damage.
The orc warrior is almost dead.
The orc warrior hits you with a +0 mace!
You nip at the orc warrior but do no damage.
The orc warrior is almost dead.
The orc warrior hits you with a +0 mace!
* * * LOW HITPOINT WARNING * * *
The orc priest mumbles some strange prayers to Beogh against you.
Beogh smites you!
* * * LOW HITPOINT WARNING * * *
You nip at the orc warrior but do no damage.
The orc warrior is almost dead.
The orc warrior hits you with a +0 mace!
* * * LOW HITPOINT WARNING * * *
The orc priest mumbles some strange prayers to Beogh against you.
Beogh smites you!
You die...

..##........#..
...#..........###.# ....
...#........##....##....
........................
..............≈≈≈≈≈.....
............≈≈≈≈≈≈≈≈≈...
..........≈≈≈≈≈≈≈≈≈≈≈≈≈.
....#.##.≈≈≈≈≈≈)).≈≈≈≈≈≈
..######........Do≈≈≈≈≈≈
.....##..≈≈≈≈≈≈.))≈≈≈≈≈≈
#.......o≈≈≈≈≈≈≈≈≈≈≈≈≈≈≈
###.#.....≈≈≈≈≈≈≈≈≈≈≈≈≈.
## ###.....$≈≈≈≈≈≈≈≈≈...
.# #...o....o≈≈≈≈≈.....
.# #....................
.. ..........#.###......
.. ...... .....#


You could see an orc warrior and an orc priest.

Vanquished Creatures
  Prince Ribbit (D:4)
  An ogre (D:5)
  A water moccasin zombie (D:5)
  A howler monkey (D:4)
  An iguana (Temple)
  Terence (D:2)
  A howler monkey zombie (D:5)
  6 adders
  2 worms
  2 dart slugs
  4 orcs
  4 bats
  5 endoplasms
  6 giant cockroaches
  6 goblins
  6 hobgoblins
  15 jackals
  5 quokkas
  6 ball pythons
  6 frilled lizards
  4 kobolds
  9 rats
  A spectral kobold (D:4)
94 creatures vanquished.

Vanquished Creatures (collateral kills)
  An iguana (D:4)
  A quokka (D:4)
2 creatures vanquished.

Grand Total: 96 creatures vanquished

Notes
Turn   | Place    | Note
-------+----------+-------------------------------------------
     0 | D:1      | sizableburger the Ogre Transmuter began the quest for the
                  | Orb.
     0 | D:1      | Reached XP level 1. HP: 19/19 MP: 3/3
   533 | D:1      | Reached XP level 2. HP: 18/27 MP: 3/5
   540 | D:1      | Reached skill level 3 in Unarmed Combat
   864 | D:1      | Learned a level 2 spell: Wereblood
  1446 | D:2      | Found a faded altar of an unknown god.
  1450 | D:2      | Reached XP level 3. HP: 22/33 MP: 4/6
  1906 | D:2      | Noticed Terence
  1927 | D:2      | Killed Terence
  1928 | D:2      | Reached XP level 4. HP: 33/41 MP: 7/7
  2284 | D:2      | Found Tulopse's Jewellery Emporium.
  2376 | D:2      | Noticed Sigmund
  3360 | D:4      | Reached skill level 4 in Unarmed Combat
  3622 | D:4      | Reached XP level 5. HP: 33/48 MP: 5/8
  3741 | D:4      | Learned a level 5 spell: Hydra Form
  4995 | D:4      | Found a basalt altar of Yredelemnul.
  4995 | D:4      | Found a radiant altar of Vehumet.
  5074 | D:4      | Found a hazy altar of Hepliaklqana.
  5213 | D:5      | Entered Level 5 of the Dungeon
  5222 | D:5      | Noticed Prince Ribbit
  5785 | D:2      | Reached XP level 6. HP: 59/59 MP: 7/9
  5956 | D:4      | Killed Prince Ribbit
  6251 | D:5      | Reached XP level 7. HP: 62/70 MP: 7/10
  6310 | D:5      | Reached skill level 5 in Unarmed Combat
  6326 | D:5      | Found a staircase to the Ecumenical Temple.
  6335 | Temple   | Entered the Ecumenical Temple
  6812 | Temple   | Became a worshipper of Makhleb the Destroyer
  7092 | D:5      | HP: 1/92 [orc warrior/+0 mace (11)]
  7092 | D:5      | Killed from afar by an orc priest

Illustrated notes

Levels and vault maps discovered:
D:1:      dpeg_arrival_another_circle, layout_basic,
          ebering_dispersal_statue_hall
D:2:      layout_rooms, basic_ecumenical_altar, serial_shops,
          nicolae_shop_stone, lightli_corner_chamber, uniq_sigmund, uniq_terence
D:3:      layout_basic, portal_sewer_entry_b, grunt_decor_junction
D:4:      layout_loops_cross, nicolae_hepliaklqana_monster_ancestors,
          gammafunk_temple_overflow_elements, enter_ossuary_5,
          minmay_box_of_dots
D:5:      layout_cave_pools, temple_pool_b, uniq_crazy_yiuf_cottage,
          uniq_prince_ribbit1
Temple:   eino_temple_rhombus

Skill      XL: |  1  2  3  4  5  6  7 |
---------------+----------------------+-----
Transmutations | 2 3 4 |  4.7
Unarmed Combat | 3 4 5 |  5.2
Fighting       | 2 4 |  4.7
Dodging        | |  1.7
Spellcasting   | |  2.4

Action                   |  1- 3 |  4- 6 |  7- 9 || total
-------------------------+-------+-------+-------++-------
Melee: Unarmed           |   103 |   177 |    39 ||   319
       Kick              |    14 |    22 |     3 ||    39
       Headbutt          |     2 |    13 |     1 ||    16
       Punch             |       |     1 |       ||     1
 Cast: Beastly Appendage |    19 |    29 |     1 ||    49
       Wereblood         |       |     7 |     1 ||     8
       Hydra Form        |       |       |     3 ||     3
  Use: Potion            |     4 |     3 |     2 ||     9
       Scroll            |     1 |     6 |     2 ||     9
 Stab: Sleeping          |       |     1 |       ||     1
Armor: Robe              |    36 |    51 |     1 ||    88
       Skin              |     1 |     7 |     3 ||    11
Dodge: Dodged            |    53 |   101 |    20 ||   174

Table legend: (Time is in decaauts)
 A = Elapsed time spent in this place.
 B = Non-inter-level travel time spent in this place.
 C = Inter-level travel time spent in this place.
 D = Time resting spent in this place.
 E = Time spent auto-exploring this place.
 F = Levels seen in this place.
 G = Mean time per level.
                   A        B        C        D        E       F      G
               +--------+--------+--------+--------+--------+-----+--------+
         Total |   7060 |   6723 |    337 |   2752 |   2824 |   6 | 1176.7 |
       Dungeon |   6354 |   6033 |    321 |   2363 |   2824 |   5 | 1270.8 |
        Temple |    705 |    689 |     16 |    389 |      0 |   1 |  705.0 |
               +--------+--------+--------+--------+--------+-----+--------+

Top non-repeatable levels by time:
     D:4: 2352 daAuts
     D:1: 1745 daAuts
     D:2: 1053 daAuts
     D:3: 1044 daAuts
  Temple: 705 daAuts
     D:5: 159 daAuts
